 Dungeon Crawl Stone Soup version 0.27.1-3-gb3d3a73c9e (webtiles) character file.

Game seed: 14830230547487710531

583 Kinoniko the Cudgeller (level 7, -4/70 HPs)
             Began as an Ogre Berserker on Oct 6, 2021.
             Was a Priest of Trog.
             Splashed by a jelly's acid (9 damage)
             ... on level 4 of the Dungeon.
             The game lasted 00:03:42 (4338 turns).

Kinoniko the Cudgeller (Ogre Berserker)             Turns: 4338, Time: 00:03:42

Health: -4/70      AC: -13   Str: 22    XL:     7   Next: 37%
Magic:  0/7        EV: 10    Int:  8    God:    Trog [***...]
Gold:   226        SH:  0    Dex: 10    Spells: 6/6 levels left

rFire    . . .     SeeInvis .   j - +0 flail
rCold    . . .     Faith    .   (no shield)
rNeg     . . .     Spirit   +   b - +0 animal skin
rPois    .         Reflect  .   (helmet restricted)
rElec    .         Harm     .   (no cloak)
rCorr    .         Rampage  .   (gloves unavailable)
Will     ++...                  (boots unavailable)
Stlth    +.........             g - amulet of guardian spirit
HPRegen  1.21/turn              (no ring)
MPRegen  0.10/turn              (no ring)

@: strong-willed, corroded, on berserk cooldown, regenerating, slowed, very slow
A: large, unfitting armour, tough skin 1
a: Renounce Religion, Berserk, Trog's Hand


You were on level 4 of the Dungeon.
You worshipped Trog.
Trog was most pleased with you.
You visited 1 branch of the dungeon, and saw 4 of its levels.

You collected 226 gold pieces.

Inventory:

Hand Weapons
 a - a +0 mace
 j - a +0 flail (weapon)
Armour
 b - a +0 animal skin (worn)
Jewellery
 g - an amulet of guardian spirit (around neck)
Wands
 k - a wand of iceblast (8)
Scrolls
 e - 4 scrolls of teleportation
 i - a scroll of fear
Potions
 c - a potion of lignification {unknown}
 d - a potion of brilliance {unknown}
 n - a potion of mutation {unknown}


   Skills:
 - Level 4.0 Fighting
 * Level 7.5 Maces & Flails
 - Level 2.6 Dodging


You had 6 spell levels left.
You didn't know any spells.
Your spell library contained the following spells:

 Spells                   Type           Power      Damage    Failure   Level
 Slow                     Hex            0%         N/A       54%         2
 Confusing Touch          Hex            0%         N/A       78%         3
 Vampiric Draining        Necr           0%         2d6       78%         3


Dungeon Overview and Level Annotations

Branches:
Dungeon (4/15)
 Temple: D:4-7

Altars:
Hepliaklqana

Shops:
D:4 ?


Innate Abilities, Weirdness & Mutations

You are too large for most types of armour.
You have tough skin. (AC +1)


Message History

The jelly misses you.
You hit the jelly.
Your hands burn!
* * * LOW HITPOINT WARNING * * *
The jelly is moderately wounded.
You feel sick. The jelly hits you.
* * * LOW HITPOINT WARNING * * *
You are splashed with acid.
* * * LOW HITPOINT WARNING * * *
The jelly closely misses you.
You feel much better.
You feel sick. The jelly hits you. The acid corrodes you!
You are splashed with acid!
You thump the jelly! The acid corrodes you!
Your hands burn!
* * * LOW HITPOINT WARNING * * *
The jelly is heavily wounded.
You feel sick.
You are no longer poisoned.
The jelly hits you.
* * * LOW HITPOINT WARNING * * *
The acid corrodes you!
You are splashed with acid!
* * * LOW HITPOINT WARNING * * *
The jelly hits you.
* * * LOW HITPOINT WARNING * * *
You are splashed with acid!
* * * LOW HITPOINT WARNING * * *
You feel much better. The jelly hits you.
You are splashed with acid!
* * * LOW HITPOINT WARNING * * *
You hit the jelly but do no damage.
Your hands burn!
* * * LOW HITPOINT WARNING * * *
The jelly is heavily wounded.
The jelly hits you.
* * * LOW HITPOINT WARNING * * *
The acid corrodes you!
You are splashed with acid!
* * * LOW HITPOINT WARNING * * *
The jelly misses you.
Your skin crawls.
You feel strong-willed. The jelly hits you.
* * * LOW HITPOINT WARNING * * *
You are splashed with acid!
You die...

#. .#...#########... #.#
..#............# # #.(
##.............#
$#..#..#(#.............#
#...s..'##.............#
#)).#............#
#..)..##'##+##+###
#..+..#.....+.....
#@J...#.....#.....
#...#.#.....#.....
+....[+##..##...###...#
#..... ..##...#######
#..#.. ..+....'.....'
..# #.# .#.#....#.....#
. #. #....#.....# #.
#....#....)# #.
#....#.....#


You could see a jelly.

Vanquished Creatures
  A necrophage (D:4)
  A phantom (D:4)
  A scorpion (D:4)
  A centaur zombie (D:3)
  A jelly (D:4)
  An orc priest (D:4)
  2 orc wizards (D:4)
  A hound skeleton (D:4)
  8 adders
  3 gnolls (D:2)
  A worm (D:3)
  2 dart slugs
  10 orcs
  2 bats (D:3)
  7 endoplasms
  2 giant cockroaches (D:1)
  5 goblins
  14 hobgoblins
  5 jackals (D:3)
  A quokka (D:3)
  13 ball pythons
  3 frilled lizards
  8 kobolds
  6 rats
99 creatures vanquished.

Vanquished Creatures (others)
  A plant (D:1)
1 creature vanquished.

Grand Total: 100 creatures vanquished

Notes
Turn   | Place    | Note
-------+----------+-------------------------------------------
     0 | D:1      | Kinoniko the Ogre Berserker began the quest for the Orb.
     0 | D:1      | Reached XP level 1. HP: 24/24 MP: 1/1
    82 | D:1      | Reached skill level 3 in Maces & Flails
    86 | D:1      | Reached XP level 2. HP: 7/32 MP: 2/2
   935 | D:1      | Reached XP level 3. HP: 36/39 MP: 3/3
  1033 | D:1      | Found a faded altar of an unknown god.
  1511 | D:2      | Reached skill level 4 in Maces & Flails
  1515 | D:2      | Reached ** piety under Trog
  1524 | D:2      | Reached XP level 4. HP: 38/48 MP: 4/4
  1991 | D:3      | Reached skill level 5 in Maces & Flails
  1991 | D:3      | Reached XP level 5. HP: 50/54 MP: 3/5
  3057 | D:4      | Found a hazy altar of Hepliaklqana.
  3184 | D:4      | Noticed a phantom
  3191 | D:4      | Killed a phantom
  3192 | D:4      | Reached skill level 6 in Maces & Flails
  3192 | D:4      | Reached XP level 6. HP: 62/62 MP: 4/6
  3343 | D:4      | Found Yluotogull's Magic Scroll Shop.
  3395 | D:4      | Reached *** piety under Trog
  3560 | D:4      | Identified the +1 shortbow "Ultimatum" {venom, rElec rPois
                  | rN+++ Int-3}
  3615 | D:4      | Noticed a necrophage
  3621 | D:4      | Killed a necrophage
  3637 | D:4      | HP: 1/62 [orc (8)]
  3638 | D:4      | Reached skill level 7 in Maces & Flails
  3638 | D:4      | Reached XP level 7. HP: 2/70 MP: 0/7
  4335 | D:4      | HP: 1/70 [acid (6)]
  4338 | D:4      | Splashed by a jelly's acid

Illustrated notes

Levels and vault maps discovered:
D:1:      sevenhm_arrival_forest_fort_small_4, layout_basic,
          shapermc_ecumenical_altar_mp_vishouse, serial_bayou_lagoon_a
D:2:      layout_rooms
D:3:      layout_loops_ring
D:4:      layout_gridville, nicolae_hepliaklqana_hazy_memory, serial_shops,
          nicolae_shop_waterfront, minmay_fractal_squares_diagonal_5

Skill      XL: |  1  2  3  4  5  6 |
---------------+-------------------+-----
Maces & Flails | 3 4 5 6 7 |  7.5
Fighting       | |  4.0
Dodging        | |  2.6

Action                   |  1- 3 |  4- 6 |  7- 9 || total
-------------------------+-------+-------+-------++-------
Melee: Mace              |    92 |     2 |       ||    94
       Flail             |       |   155 |    48 ||   203
Invok: Berserk           |     2 |     9 |     2 ||    13
       Trog's Hand       |       |       |     1 ||     1
  Use: Scroll            |       |     3 |       ||     3
       Potion            |       |       |     6 ||     6
 Stab: Sleeping          |       |     1 |       ||     1
Armor: Animal skin       |    23 |    37 |     8 ||    68
Dodge: Dodged            |    53 |    83 |    32 ||   168
